AoeStats
← Checkmate

Nomad

510237482Analyzed
3v3 RM · 2d ago on Sep 30, 2026· 48m 11s· 6 players
Game mode
Random Map
Map size
210×210
Population
200
Speed
Normal
Resources
Standard
Victory
Conquest
Starting age
Dark Age
Ending age
Imperial Age
RankedLock teamsTeams togetherTeam positionsShared explorationLock speedFull tech treeHidden civsTurbo modeCheats
Victory
Defeat
🇲🇽 Wu · Mexico
713
+15
🇧🇷 Byzantines · Brazil
712
+15
🇧🇴 Vikings · Bolivia
658
+17
🇦🇷 Koreans · Argentina
715
-16
🇹🇼 Magyars · Taiwan
685
-16
🇺🇸 Khmer · United States
669
-15
tomascruze
13:54 Loom
23:24 Feudal Age
25:09 Man-at-Arms
28:56 Town Watch
35:23 Castle Age
37:02 Castle Age
35:38 Wheelbarrow
35:48 Stone Mining
Checkmate
3:36 Loom
15:41 Feudal Age
17:54 Double-Bit Axe
17:45 Man-at-Arms
21:45 Wheelbarrow
24:04 Horse Collar
26:45 Castle Age
24:59 Stone Mining
27:32 Crossbowman
28:20 Thumb Ring
28:38 Gold Mining
29:24 Stone Shaft Mining
29:06 Bow Saw
29:48 Squires
29:34 Arson
30:55 Husbandry
32:19 Fletching
32:59 Medium Warships
33:12 Hand Cart
41:33 Pikeman
42:14 Bodkin Arrow
42:29 Forging
42:20 Scale Mail Armor
48:42 Imperial Age
49:02 Iron Casting
瀧注洄洮
6:09 Loom
14:50 Feudal Age
17:10 Horse Collar
17:19 Double-Bit Axe
19:28 Fishing Lines
27:34 Bloodlines
30:39 Scale Barding Armor
32:54 Castle Age
31:30 Wheelbarrow
30:41 Loom
30:41 Town Watch
31:55 Fletching
35:23 Chain Barding Armor
34:48 Light Cavalry
35:29 Husbandry
M. M. Hombre Metrico Decimal
15:28 Feudal Age
15:50 Man-at-Arms
16:21 Double-Bit Axe
16:27 Gold Mining
22:07 Forging
25:29 Castle Age
25:43 Long Swordsman
25:44 Crossbowman
27:58 Squires
27:22 Pikeman
28:58 Bow Saw
31:45 Stone Mining
33:03 Iron Casting
33:35 Fishing Lines
33:57 Horse Collar
45:03 Imperial Age
42:05 Elite Skirmisher
43:13 Town Watch
44:03 Wheelbarrow
43:14 Loom
44:07 Scale Mail Armor
43:58 Fletching
46:49 Conscription
46:42 Town Patrol
46:57 Hand Cart
47:26 Heavy Plow
TH*[KL]
3:44 Loom
19:07 Feudal Age
21:40 Fletching
23:29 Double-Bit Axe
28:31 Wheelbarrow
34:49 Castle Age
37:00 Hand Cart
BRICET27S
3:31 Loom
21:59 Feudal Age
22:22 Fishing Lines
22:31 Double-Bit Axe
22:36 Horse Collar
22:45 Man-at-Arms
24:50 Forging
24:40 Scale Mail Armor
27:11 Gold Mining
30:10 Castle Age
28:32 Stone Mining
30:49 Scale Barding Armor
31:02 Bow Saw
30:54 Heavy Plow
31:42 Gold Shaft Mining
31:21 Gillnets
32:16 Iron Casting
32:01 Chain Barding Armor
32:40 Clinker Construction
32:12 Treadmill Crane
38:09 Fletching
39:14 Bodkin Arrow
45:23 Imperial Age
44:54 Heated Shot
45:16 Fortified Wall
45:27 Ballistics
45:13 Padded Archer Armor
47:13 Chemistry
45:47 Cavalier
47:47 Two-Man Saw
47:24 Crop Rotation
47:37 Elite Longship
Connection lost

Rejoining the realm…

Still unreachable

The connection could not be restored.

Session expired

The server has moved on; the page needs a fresh start.